 Dungeon Crawl Stone Soup version 0.29.1-2-gbd0b4ee654 (webtiles) character file.

Game seed: 1862124232149005620

6901 NinjaNoafa the Severer (level 11, -1/92 HPs)
             Began as a Hill Orc Fighter on Nov 17, 2022.
             Was an Elder of Uskayaw.
             Slain by Amaemon
             ... wielding a -2 demon whip of venom
              (2 damage)
             ... on level 8 of the Dungeon.
             The game lasted 00:15:35 (11427 turns).

NinjaNoafa the Severer (Hill Orc Fighter)          Turns: 11427, Time: 00:15:36

Health: -1/92      AC: 18    Str: 27    XL:     11   Next: 6%
Magic:  15/15      EV:  9    Int:  8    God:    Uskayaw [****..]
Gold:   278        SH:  9    Dex: 10    Spells: 10/10 levels left

rFire   . . .      SeeInvis .   a - +0 war axe
rCold   . . .      Faith    .   I - +0 kite shield
rNeg    . . .      Spirit   .   n - +4 ring mail of the Hanged Man {Harm Str+3}
rPois   +          Reflect  .   (no helmet)
rElec   .          Harm     +   (no cloak)
rCorr   .          Rampage  .   f - +1 pair of gloves
Will    .....                   x - +0 pair of boots
Stlth   ..........              (no amulet)
HPRegen 0.25/turn               C - ring of poison resistance
MPRegen 0.14/turn               G - +4 ring of protection

@: lethally poisoned (-1 -> -12), slowed, very slow
A: no striking features
a: Renounce Religion, Stomp, Line Pass


You were on level 8 of the Dungeon.
You worshipped Uskayaw.
Uskayaw was noncommittal.
You visited 2 branches of the dungeon, and saw 9 of its levels.

You collected 548 gold pieces.
You spent 270 gold pieces at shops.

Inventory:

Hand Weapons
 a - a +0 war axe (weapon)
Missiles
 e - 67 stones (quivered)
 h - 8 javelins
 k - 9 atropa-tipped darts
 q - 3 boomerangs
 t - 4 poisoned darts
Armour
 f - a +1 pair of gloves (worn)
 n - the +4 ring mail of the Hanged Man (worn) {Harm Str+3}
   (You took it off a goblin on level 2 of the Dungeon)

   Str:       It affects your strength (+3).
   Harm:      It increases damage dealt and taken.
 x - a +0 pair of boots (worn)
 I - a +0 kite shield (worn)
Jewellery
 b - a ring of protection from cold
 c - a ring of fire
 i - a ring of magical power
 j - a ring of resist corrosion
 C - a ring of poison resistance (left hand)
 G - a +4 ring of protection (right hand)
Wands
 d - a wand of paralysis (11)
 y - a wand of mindburst (11)
 B - a wand of roots (9)
 M - a wand of flame (41)
Scrolls
 l - a scroll of silence {unknown}
 o - a scroll of immolation {unknown}
 r - 2 scrolls of vulnerability {unknown}
 s - a scroll of enchant armour {unknown}
 w - a scroll of brand weapon {unknown}
 z - a scroll of summoning {unknown}
 A - a scroll of poison {unknown}
 D - a scroll of butterflies {unknown}
 E - a scroll of amnesia {unknown}
 F - 2 scrolls of noise
 H - a scroll of teleportation
 K - a scroll of blinking
Potions
 g - a potion of haste
 m - a potion of mutation
 p - 2 potions of cancellation
 u - a potion of lignification
 v - a potion of brilliance
 J - a potion of resistance
 L - 5 potions of curing


   Skills:
 - Level 7.0 Fighting
 - Level 16.0 Axes
 - Level 7.0 Armour
 + Level 6.4 Shields
 + Level 5.7 Invocations
 + Level 4.2 Evocations


You had 10 spell levels left.
You didn't know any spells.
Your spell library contained the following spells:

 Spells                   Type           Power      Damage    Failure   Level
 Magic Dart               Conj           0%         1d3       86%         1
 Ensorcelled Hibernation  Hex/Ice        0%         N/A       94%         2
 Passwall                 Tmut/Erth      0%         N/A       94%         2
 Searing Ray              Conj           0%         2d4       94%         2
 Gell's Gravitas          Tloc           0%         N/A       99%         3
 Lesser Beckoning         Tloc           0%         N/A       99%         3
 Swiftness                Air            0%         N/A       99%         3
 Teleport Other           Tloc           0%         N/A       99%         3
 Fulminant Prism          Conj/Hex       0%         3d6       100%        4


Dungeon Overview and Level Annotations

Branches:
Dungeon (8/15)             Temple (1/1) D:5            Lair (0/5) D:8

Altars:
Ashenzari
Cheibriados
Dithmenos
Elyvilon
Fedhas
Gozag
Hepliaklqana
Kikubaaqudgha
Makhleb
Nemelex Xobeh
Okawaru
Qazlal
Ru
Sif Muna
Trog
Uskayaw
Vehumet
Wu Jian
Xom
Yredelemnul
Zin
The Shining One

Shops:
D:7 [

Annotations:
D:8 Amaemon


Message History

Amaemon barely misses you.
Amaemon tail-slaps you but does no damage.
Uskayaw will force your foes to helplessly watch your dance.
Uskayaw prepares the audience for your solo!
The helpless Amaemon fails to defend himself.
You hit Amaemon.
Amaemon is heavily wounded.
The helpless scorpion fails to defend itself.
You slash the scorpion!
You feel sick.
The helpless Amaemon fails to defend himself.
You slice Amaemon!!
Amaemon is almost dead.
The helpless scorpion fails to defend itself.
You slash the scorpion!
You kill the scorpion!
The scorpion's corpse disappears in a puff of smoke!
You feel sick.
Amaemon is no longer paralysed.
The orange demon is no longer paralysed.
Amaemon casts a spell.
The orange demon stings you but does no damage.
Uskayaw will force your foes to share their pain.
Uskayaw links your audience in an emotional bond!
You closely miss Amaemon.
Amaemon is almost dead.
You barely miss the scorpion.
You feel sick.
Amaemon hits you with a -2 demon whip of venom!
Amaemon closely misses you. Amaemon tail-slaps you.
* * * LOW HITPOINT WARNING * * *
You are more poisoned.
Amaemon poisons you! The orange demon stings you from afar.
* * * LOW HITPOINT WARNING * * *
You have difficulty breathing.
* * * LOW HITPOINT WARNING * * *
You feel yourself slow down. You block the scorpion's attack.
* * * LOW HITPOINT WARNING * * *
You feel very sick.
Amaemon hits you with a -2 demon whip of venom!
* * * LOW HITPOINT WARNING * * *
You block Amaemon's attack. Amaemon tail-slaps you.
You die...

.............................)##.
........................#<....# .
.......>...#....#....####.#...# .
...........#....#....######.....>
..........##....#....... #......
..........##....#......# ##.###.
.... ...............# #.# . .....
.....>.ยง6....... ... ..... ..
#.....@4...# .. ....#
#.###....s..#### ...#
#......#....## .### ...##....#.
###...#..... ........ #
###.......# ......# #.#..#.######
......#####......##
........#.........###
....)...##..#..#....####.


You could see Amaemon (pain bonded), an orange demon (curare, pain bonded) and a
scorpion (summoned, pain bonded).

Vanquished Creatures
  A two-headed ogre (D:7)
  Joseph (D:7)
  An unseen horror (D:7)
  A gargoyle (D:8)
  A troll (D:7)
  Grinder (D:4)
  Eustachio (D:6)
  6 yaks (D:8)
  Menkaure (D:4)
  4 vampire mosquitoes (D:8)
  3 water moccasins
  Duvessa (D:5)
  2 orc warriors
  3 ogres
  A centaur (D:8)
  3 phantoms
  2 gnoll sergeants
  A necrophage (D:5)
  3 scorpions
  7 wights (D:7)
  Dowan (D:5)
  6 killer bees
  4 howler monkeys
  5 hounds
  3 jellies
  2 orc priests
  Ijyb (D:4)
  7 iguanas
  Natasha (thrice) (D:4)
  6 orc wizards
  10 gnolls
  9 adders
  3 shadow imps
  3 ufetubi (D:6)
  3 dart slugs
  19 orcs
  4 endoplasms
  5 giant cockroaches
  8 goblins
  8 hobgoblins
  2 jackals (D:4)
  4 quokkas
  6 ball pythons
  8 bats
  3 frilled lizards
  5 kobolds
  7 rats
189 creatures vanquished.

Vanquished Creatures (others)
  A fungus (D:3)
1 creature vanquished.

Grand Total: 190 creatures vanquished

Notes
Turn   | Place    | Note
-------+----------+-------------------------------------------
     0 | D:1      | NinjaNoafa the Hill Orc Fighter began the quest for the
                  | Orb.
     0 | D:1      | Reached XP level 1. HP: 19/19 MP: 1/1
   313 | D:1      | Reached skill level 3 in Axes
   313 | D:1      | Reached XP level 2. HP: 23/27 MP: 2/2
   906 | D:1      | Reached XP level 3. HP: 33/33 MP: 3/3
  1511 | D:2      | Identified the +4 ring mail of the Hanged Man {Harm Str+3}
  1713 | D:2      | Reached XP level 4. HP: 39/40 MP: 4/4
  1877 | D:3      | Reached skill level 4 in Axes
  1877 | D:3      | Reached XP level 5. HP: 40/47 MP: 5/5
  2126 | D:3      | Found an iron altar of Okawaru.
  2126 | D:3      | Found a burning altar of Makhleb.
  2127 | D:3      | Found an ornate altar of the Wu Jian Council.
  2287 | D:3      | Reached skill level 5 in Axes
  2293 | D:3      | Reached XP level 6. HP: 12/53 MP: 6/6
  2579 | D:3      | Reached skill level 6 in Axes
  2942 | D:3      | Found a faded altar of an unknown god.
  3270 | D:4      | Reached skill level 7 in Axes
  3314 | D:4      | Reached XP level 7. HP: 29/60 MP: 7/7
  3496 | D:4      | Reached skill level 8 in Axes
  3638 | D:4      | Noticed Ijyb
  3657 | D:4      | Killed Ijyb
  4081 | D:4      | Noticed Grinder
  4087 | D:4      | Paralysed by Grinder for 4 turns
  4092 | D:4      | Killed Grinder
  4093 | D:4      | Reached skill level 9 in Axes
  4262 | D:4      | Noticed Menkaure
  4272 | D:4      | Killed Menkaure
  4273 | D:4      | Reached skill level 10 in Axes
  4273 | D:4      | Reached XP level 8. HP: 33/67 MP: 8/8
  4666 | D:4      | Noticed Natasha
  4672 | D:4      | Killed Natasha
  4723 | D:5      | Entered Level 5 of the Dungeon
  4723 | D:5      | Noticed Duvessa
  4723 | D:5      | Noticed Dowan
  4851 | D:5      | Reached skill level 11 in Axes
  5059 | D:4      | Noticed Natasha
  5068 | D:4      | Killed Natasha
  5217 | D:4      | Noticed Natasha
  5225 | D:4      | Killed Natasha
  5226 | D:4      | Reached skill level 12 in Axes
  6410 | D:5      | Reached skill level 13 in Axes
  6417 | D:5      | Killed Dowan
  6422 | D:5      | Killed Duvessa
  6423 | D:5      | Reached XP level 9. HP: 55/72 MP: 9/9
  6827 | D:5      | Found a staircase to the Ecumenical Temple.
  6846 | D:5      | Reached skill level 14 in Axes
  6884 | Temple   | Entered the Ecumenical Temple
  6889 | Temple   | Became a worshipper of Uskayaw the Reveller
  7224 | D:5      | Reached * piety under Uskayaw
  7225 | D:5      | Reached ** piety under Uskayaw
  7554 | D:6      | Reached *** piety under Uskayaw
  7566 | D:6      | Reached **** piety under Uskayaw
  7613 | D:6      | Reached skill level 15 in Axes
  7790 | D:6      | Found a basalt altar of Yredelemnul.
  7793 | D:6      | Noticed a profane servitor
  8120 | D:6      | Noticed Eustachio
  8137 | D:6      | Killed Eustachio
  8481 | D:6      | Found a glowing golden altar of the Shining One.
  8488 | D:6      | Noticed an angel
  8833 | D:7      | Found an ancient bone altar of Kikubaaqudgha.
  8834 | D:7      | Found a stormy altar of Qazlal.
  8856 | D:7      | Noticed Joseph
  8870 | D:7      | Killed Joseph
  8871 | D:7      | Reached skill level 16 in Axes
  8871 | D:7      | Reached skill level 5 in Fighting
  9198 | D:7      | Reached skill level 5 in Armour
  9315 | D:7      | Reached skill level 1 in Invocations
  9315 | D:7      | Reached XP level 10. HP: 65/81 MP: 10/10
  9320 | D:7      | Reached skill level 1 in Evocations
  9891 | D:7      | Noticed a two-headed ogre
  9904 | D:7      | Killed a two-headed ogre
  9905 | D:7      | Reached skill level 5 in Shields
 10266 | D:7      | Killed an unseen horror
 10554 | D:7      | Found Fite's Antique Armour Shoppe.
 10560 | D:7      | Bought a pair of runed gloves for 270 gold pieces
 11107 | D:8      | Noticed a gargoyle
 11120 | D:8      | Reached skill level 5 in Invocations
 11123 | D:8      | Reached ***** piety under Uskayaw
 11126 | D:8      | Reached XP level 11. HP: 39/92 MP: 13/15
 11132 | D:8      | Reached ****** piety under Uskayaw
 11410 | D:8      | Found a staircase to the Lair.
 11412 | D:8      | Noticed Amaemon
 11427 | D:8      | HP: 1/92 [Amaemon/-2 demon whip of venom (10)]
 11427 | D:8      | Slain by Amaemon

Illustrated notes

Levels and vault maps discovered:
D:1:      psy_arrival_wood_between_worlds, layout_basic
D:2:      layout_basic, minmay_worlds_worst_comb
D:3:      layout_basic, chequers_temple_overflow_statue_of_worship,
          shapermc_ecumenical_altar_ellora, minmay_misc_feat_nine_boxes,
          columned_hall_lemuel, cheibrodos_gnoll_hut
D:4:      layout_cave_pods, minmay_pentomino_pile, uniq_ijyb, uniq_grinder,
          uniq_menkaure, uniq_natasha
D:5:      layout_gridville, temple_pool_b, uniq_duvessa
D:6:      layout_basic, grunt_temple_overflow_holy_war, uniq_eustachio
D:7:      kennysheep_six_static_rooms, layout_basic, minitemple, serial_shops,
          nicolae_shop_trees, uniq_joseph
D:8:      layout_cave_pools, lair_entry_dummy, enter_bailey_4,
          minmay_misc_feat_more_columns, uniq_amaemon
Temple:   nicolae_temple_bog_church

Skill      XL: |  1  2  3  4  5  6  7  8  9 10 11 |
---------------+----------------------------------+-----
Axes           | 3 4 5 7 10 13 16 | 16.0
Fighting       | 4 5 7 |  7.0
Armour         | 4 5 6 7 |  7.0
Shields        | 4 6 |  6.4
Invocations    | 1 5 |  5.7
Evocations     | 3 4 |  4.2

Action                   |  1- 3 |  4- 6 |  7- 9 | 10-12 || total
-------------------------+-------+-------+-------+-------++-------
Melee: War axe           |   127 |   106 |   285 |   107 ||   625
Invok: Stomp             |       |       |       |     3 ||     3
Evoke: Wand              |       |       |     2 |     2 ||     4
  Use: Potion            |       |     1 |     8 |     5 ||    14
       Scroll            |       |       |     8 |     3 ||    11
 Stab: Paralysed         |       |       |     1 |    18 ||    19
Armor: Scale mail        |    27 |       |       |       ||    27
       Chain mail        |    89 |    69 |    83 |       ||   241
       Ring mail         |       |       |    68 |    81 ||   149
Dodge: Dodged            |    59 |    42 |   107 |    60 ||   268
Block: Buckler           |    32 |    17 |    57 |    10 ||   116
       Kite shield       |       |       |       |    49 ||    49
